 Dungeon Crawl Stone Soup version 0.23.2-1-ga50397a6bc (webtiles) character file.

Game seed: 10571519704393264540

3341 Kobolds4U the Cleaver (level 9, -9/75 HPs)
             Began as a Minotaur Fighter on Apr 25, 2019.
             Was a Follower of Uskayaw.
             Mangled by an orc warrior
             ... wielding a +2 short sword of protection
              (12 damage)
             ... on level 8 of the Dungeon.
             The game lasted 00:13:32 (7524 turns).

Kobolds4U the Cleaver (Minotaur Fighter)            Turns: 7524, Time: 00:13:33

Health: -9/75      AC: 12    Str: 22    XL:     9   Next: 72%
Magic:  11/11      EV:  6    Int:  6    God:    Uskayaw [*.....]
Gold:   303        SH:  9    Dex: 11    Spells: 8/8 levels left

rFire    . . .     SeeInvis .   a - +0 war axe
rCold    . . .     Gourm    .   c - +0 shield
rNeg     . . .     Faith    .   I - +0 chain mail
rPois    .         Spirit   .   (helmet restricted)
rElec    .         Reflect  .   x - +0 cloak
rCorr    .         Harm     .   (no gloves)
MR       .....                  (no boots)
Stlth    ..........             (no amulet)
HPRegen  0.22/turn              p - ring of flight
MPRegen  0.12/turn              G - ring of wizardry

@: berserk cooldown, slowed, very slow
A: retaliatory headbutt, horns 2
a: Stomp, Renounce Religion, Evoke Flight


You were on level 8 of the Dungeon.
You worshipped Uskayaw.
Uskayaw was noncommittal.
You were not hungry.

You visited 2 branches of the dungeon, and saw 9 of its levels.

You collected 303 gold pieces.

Inventory:

Hand Weapons
 a - a +0 war axe (weapon)
 v - a +0 morningstar
Missiles
 C - 7 tomahawks of returning
 D - 5 tomahawks (quivered)
Armour
 b - a +0 scale mail
 c - a +0 shield (worn)
 k - a scarf of resistance
 x - a +0 cloak (worn)
 I - a +0 chain mail (worn)
Jewellery
 p - a ring of flight (left hand)
 F - an uncursed ring of ice
 G - a ring of wizardry (right hand)
Wands
 h - a wand of paralysis (9)
 q - a wand of random effects (10)
 y - a wand of flame (13)
Scrolls
 e - 9 scrolls of identify {unknown}
 g - 2 scrolls of teleportation {unknown}
 i - 2 scrolls of fog {unknown}
 r - 2 scrolls of blinking {unknown}
 s - 4 scrolls of remove curse
 t - 2 scrolls of enchant weapon {unknown}
 w - 2 scrolls of amnesia {unknown}
 J - a scroll of fear {unknown}
 K - 2 scrolls of random uselessness {unknown}
Potions
 d - 2 potions of might
 j - 2 potions of heal wounds {unknown}
 l - 3 potions of flight
 m - 3 potions of curing {unknown}
 n - 2 potions of magic {unknown}
 o - 2 potions of mutation {unknown}
 u - a potion of cancellation {unknown}
 z - 3 potions of lignification {unknown}
 A - 2 potions of haste {unknown}
 B - 3 potions of berserk rage
 E - a potion of brilliance {unknown}
Comestibles
 f - 16 rations
 H - 8 chunks of flesh


   Skills:
 - Level 6.0 Fighting
 + Level 12.4 Axes
 - Level 8.1 Armour
 - Level 3.6 Shields
 * Level 5.0 Invocations


You had 8 spell levels left.
You didn't know any spells.
Your spell library was empty.

Dungeon Overview and Level Annotations

Branches:
Dungeon (8/15)             Temple (1/1) D:4
   Lair: D:8-11

Altars:
Ashenzari
Cheibriados
Dithmenos
Elyvilon
Fedhas
Gozag
Hepliaklqana
Kikubaaqudgha
Makhleb
Nemelex Xobeh
Okawaru
Qazlal
Ru
Sif Muna
Trog
Uskayaw
Vehumet
Wu Jian
Xom
Yredelemnul
Zin
The Shining One

Shops:
D:5 (

Annotations:
D:7 2 runed translucent doors, Kobolds4U's ghost, novice MiFi


Innate Abilities, Weirdness & Mutations

You reflexively headbutt those who attack you in melee.
You have a pair of horns on your head.


Message History

It was a potion of berserk rage.
A red film seems to cover your vision as you go berserk!
You feel yourself moving faster!
You feel mighty!
The orc warrior hits you with a +2 short sword of protection!
* * * LOW HITPOINT WARNING * * *
You feel a strong urge to attack something.
You feel your anger nearly subside.
You are no longer berserk.
You are exhausted.
You feel yourself slow down.
There is an open door here.
You can no longer pass through a line of other dancers.
As you close the door, it creaks loudly!
An orc warrior opens the door.
Things that are here:
a +0 club; a +0 leather armour; an orc skeleton
As you read the scroll labeled NIUXIF QACW, it crumbles to dust.
You feel blessed for a moment.
It was a scroll of remove curse.
The orc warrior hits you with a +2 short sword of protection!
You die...

#..........#..'..
#.....#'####.##..
#.###.#.#....##..
##.#...#.#.#######
#......#.#.#......
#..#####.#.#.#####
#........#.#......
#)########o#######
#@# #o# # #o###
#.#######
#.o.######........
#...'.{.{o........
#...#############.
##### #.......
)....... #.##....
#.#.#


You could see an orc warrior and an orc priest.

Vanquished Creatures
  Grinder (D:6)
  Sigmund (D:6)
  A black bear (D:7)
  2 ice beasts
  An orc warrior (D:6)
  4 phantoms
  A sky beast (D:6)
  3 centaurs
  4 ogres
  6 bullfrogs
  3 scorpions
  2 howler monkeys (D:5)
  2 crimson imps
  2 jellies
  Crazy Yiuf (D:3)
  3 hounds
  2 orc priests (D:7)
  A centaur skeleton (D:5)
  5 iguanas
  3 orc wizards
  8 worker ants
  A hound zombie (D:5)
  2 worker ant zombies
  4 gnolls (D:5)
  10 adders
  2 shadow imps
  An ooze (D:3)
  An adder skeleton (D:7)
  A dart slug (D:1)
  2 leopard geckos
  14 orcs
  6 giant cockroaches
  4 goblins
  6 hobgoblins
  4 jackals (D:5)
  4 quokkas
  2 ball pythons
  4 bats
  8 frilled lizards
  A jackal skeleton (D:4)
  3 kobolds
  3 rats
139 creatures vanquished.

Notes
Turn   | Place    | Note
-------+----------+-------------------------------------------
     0 | D:1      | Kobolds4U the Minotaur Fighter began the quest for the Orb.
     0 | D:1      | Reached XP level 1. HP: 19/19 MP: 0/0
   166 | D:1      | Reached skill level 3 in Axes
   226 | D:1      | Reached XP level 2. HP: 25/27 MP: 1/1
   877 | D:2      | Found an opulent altar of Gozag.
   880 | D:2      | Reached XP level 3. HP: 23/33 MP: 2/2
   884 | D:2      | Found a stormy altar of Qazlal.
   971 | D:2      | Found a blossoming altar of Fedhas.
  1013 | D:2      | Reached skill level 4 in Axes
  1311 | D:3      | Noticed a bullfrog
  1326 | D:3      | Killed a bullfrog
  1326 | D:3      | Reached skill level 5 in Axes
  1326 | D:3      | Reached XP level 4. HP: 12/41 MP: 3/3
  1986 | D:3      | Reached XP level 5. HP: 47/47 MP: 4/4
  2264 | D:3      | Found a runed translucent door.
  2265 | D:3      | Noticed Crazy Yiuf
  2502 | D:3      | Killed Crazy Yiuf
  2502 | D:3      | Reached skill level 5 in Fighting
  2781 | D:4      | Reached skill level 6 in Axes
  2890 | D:4      | Reached XP level 6. HP: 43/56 MP: 5/5
  3034 | D:4      | Reached skill level 7 in Axes
  3239 | D:4      | Reached skill level 5 in Armour
  3288 | D:4      | Found a staircase to the Ecumenical Temple.
  3315 | Temple   | Entered the Ecumenical Temple
  3505 | Temple   | Became a worshipper of Uskayaw the Reveler
  3556 | D:4      | Found a deep blue altar of Sif Muna.
  3585 | D:5      | Entered Level 5 of the Dungeon
  3594 | D:5      | Reached * piety under Uskayaw
  3595 | D:5      | Reached XP level 7. HP: 61/61 MP: 6/6
  3605 | D:5      | Reached ** piety under Uskayaw
  3743 | D:5      | Reached *** piety under Uskayaw
  3744 | D:5      | Reached skill level 8 in Axes
  3746 | D:5      | Reached **** piety under Uskayaw
  4247 | D:5      | Found Qerad's Weapon Boutique.
  4583 | D:6      | Reached skill level 9 in Axes
  4583 | D:6      | Reached XP level 8. HP: 43/68 MP: 7/7
  4719 | D:6      | Noticed Grinder
  4738 | D:6      | Paralysed by Grinder for 4 turns
  4743 | D:6      | Killed Grinder
  4743 | D:6      | Reached skill level 10 in Axes
  5059 | D:6      | Noticed Sigmund
  5073 | D:6      | Reached skill level 11 in Axes
  5089 | D:6      | Killed Sigmund
  5407 | D:6      | Reached XP level 9. HP: 68/74 MP: 8/8
  5737 | D:6      | Reached skill level 1 in Invocations
  6158 | D:7      | Reached skill level 12 in Axes
  6551 | D:7      | Found a large runed translucent door.
  6552 | D:7      | Found a large runed translucent door.
  6556 | D:7      | Noticed Kobolds4U's ghost (novice MiFi)
  6572 | D:7      | Found a sacrificial altar of Ru.
  7273 | D:8      | Reached skill level 5 in Invocations
  7514 | D:8      | HP: 1/112 [orc warrior/+2 short sword of protection (7)]
  7524 | D:8      | Mangled by an orc warrior

Skill      XL: |  1  2  3  4  5  6  7  8  9 |
---------------+----------------------------+-----
Axes           | 3 5 6 7 9 11 12 | 12.4
Fighting       | 4 5 6 |  6.0
Armour         | 4 5 7 8 |  8.1
Invocations    | 5 |  5.0
Shields        | |  3.6

Action                   |  1- 3 |  4- 6 |  7- 9 || total
-------------------------+-------+-------+-------++-------
Melee: War axe           |    87 |    23 |   292 ||   402
       Headbutt          |    12 |    18 |    63 ||    93
       Morningstar       |       |    74 |       ||    74
Invok: Stomp             |       |       |     2 ||     2
       Line Pass         |       |       |     2 ||     2
  Use: Potion            |       |       |     2 ||     2
       Scroll            |       |       |     1 ||     1
 Stab: Paralysed         |       |       |     9 ||     9
  Eat: Chunk             |     1 |     7 |    14 ||    22
Armor: Scale mail        |    37 |    33 |    49 ||   119
       Chain mail        |       |       |    30 ||    30
Dodge: Dodged            |    28 |    23 |    58 ||   109
Block: Shield            |    63 |    47 |   120 ||   230
